 Dungeon Crawl Stone Soup version 0.30.1-4-g462c640d31 (webtiles) character file.

Game seed: 7231201751693328726

2324 Logoto the Firebug (level 9, -5/71 HPs)
             Began as a Grey Draconian Fire Elementalist on Aug 21, 2023.
             Was an Initiate of Qazlal.
             Slain by a yak (11 damage)
             ... on level 6 of the Dungeon on Aug 22, 2023.
             The game lasted 00:28:47 (8366 turns).

Logoto the Firebug (DrFE)                           Turns: 8366, Time: 00:28:48

Health: -5/71      AC: 12    Str: 18    XL:     9   Next: 19%
Magic:  0/17       EV: 13    Int: 18    God:    Qazlal [......]
Gold:   364        SH:  0    Dex: 11    Spells: 16/19 levels left

rFire   . . .        w - +5 hand axe of Riagg {freeze, rPois Str+5}
rCold   . . .        (no shield)
rNeg    . . .        (body armour unavailable)
rPois   +            (helmet restricted)
rElec   .            (no cloak)
rCorr   .            (no gloves)
SInv    .            (no boots)
Will    .....        l - amulet of guardian spirit
Stlth   ++           (no ring)
HPRegen 0.31/turn    (no ring)
MPRegen 0.15/turn

%: guardian spirit
@: very slightly contaminated
A: AC +12, amphibious, unfitting armour, cold-blooded
a: Renounce Religion


You were on level 6 of the Dungeon.
You worshipped Qazlal.
Qazlal was noncommittal.
You visited 2 branches of the dungeon, and saw 8 of its levels.

You collected 364 gold pieces.

Inventory:

Hand Weapons
 d - a +0 spear
 k - a +2 short sword of freezing
 q - the +7 hammer "Duluirhe" {drain, Int+4}
   (You found it on level 2 of the Dungeon)

   Int:       It affects your intelligence (+4).
 w - the +5 hand axe of Riagg (weapon) {freeze, rPois Str+5}
   (You found it on level 4 of the Dungeon)

   Str:       It affects your strength (+5).
   rPois:     It protects you from poison.
Missiles
 z - 2 throwing nets
Armour
 p - a +2 cloak of preservation
Jewellery
 l - an amulet of guardian spirit (around neck)
Wands
 t - a wand of iceblast (6)
 y - a wand of flame (22)
 B - a wand of light (17)
 E - a wand of polymorph (8)
Scrolls
 c - 2 scrolls of silence {unknown}
 e - a scroll of immolation {unknown}
 g - 4 scrolls of noise {unknown}
 i - 6 scrolls of teleportation {unknown}
 j - 3 scrolls of identify {unknown}
 o - 2 scrolls of amnesia {unknown}
 u - a scroll of fear {unknown}
 D - a scroll of brand weapon {unknown}
Potions
 a - 2 potions of magic
 b - a potion of resistance {unknown}
 f - a potion of attraction {unknown}
 h - 4 potions of heal wounds {unknown}
 m - 3 potions of curing {unknown}
 n - 3 potions of brilliance {unknown}
 r - a potion of mutation {unknown}
 s - a potion of cancellation {unknown}
 v - a potion of degeneration {unknown}
 x - a potion of berserk rage {unknown}
 A - a potion of haste {unknown}
 C - a potion of flight {unknown}


   Skills:
 + Level 3.7 Fighting
 + Level 0.6 Short Blades
 + Level 4.6(5.0) Axes
 + Level 2.4(3.8) Maces & Flails
 + Level 0.9(3.0) Polearms
 + Level 3.8 Dodging
 + Level 4.1 Stealth
 + Level 5.7 Spellcasting
 + Level 3.0 Conjurations
 + Level 6.2 Fire Magic


You had 16 spell levels left.
You knew the following spells:

 Your Spells              Type           Power      Damage    Failure   Level
a - Foxfire               Conj/Fire      84%        2x1d8     1%          1
b - Scorch                Fire           54%        2d7       1%          2

Your spell library contained the following spells:

 Spells                   Type           Power      Damage    Failure   Level
 Kiss of Death            Conj/Necr      40%        2d8       7%          1
 Inner Flame              Hex/Fire       16%        N/A       11%         3
 Volatile Blastmotes      Fire/Tloc      32%        2d12      11%         3
 Sandblast                Erth           10%        2d5       12%         1
 Passwall                 Tmut/Erth      4%         N/A       19%         2
 Sublimation of Blood     Necr           5%         N/A       19%         2
 Flame Wave               Conj/Fire      21%        2d8       19%         4
 Hailstorm                Conj/Ice       10%        3d5       21%         3
 Stone Arrow              Conj/Erth      20%        3d8       21%         3
 Confusing Touch          Hex            5%         N/A       36%         3
 Dispel Undead            Necr           5%         3d7       77%         4
 Ice Form                 Ice/Tmut       5%         N/A       77%         4
 Petrify                  Tmut/Erth      5%         N/A       77%         4
 Irradiate                Conj/Tmut      5%         3d13      88%         5
 Simulacrum               Ice/Necr       2%         N/A       100%        6


Dungeon Overview and Level Annotations

Branches:
Dungeon (7/15)             Temple (1/1) D:6

Altars:
Ashenzari
Cheibriados
Elyvilon
Fedhas
Gozag
Hepliaklqana
Kikubaaqudgha
Makhleb
Okawaru
Qazlal
Trog
Vehumet
Xom
Yredelemnul
Zin
The Shining One

Shops:
D:3 (

Annotations:
D:5 2 transporters, SoEpicPie's ghost, amateur TrBe


Innate Abilities, Weirdness & Mutations

Your dull iron-grey scales are very hard. (AC +12)
You are amphibious.
You cannot fit into any form of body armour.
You are cold-blooded and may be slowed by cold attacks.


Message History

The yak is moderately wounded.
The yak's fire resistance burns away.
The yak closely misses you. x2
Casting: Scorch (safe; 1% risk of failure)
Confirm with . or Enter, or press ? or * to list all spells.
Flames lash the yak but do no damage.
The yak gores you! The yak closely misses you.
Casting: Scorch (safe; 1% risk of failure)
Confirm with . or Enter, or press ? or * to list all spells.
Flames lash the yak.
The yak is burned terribly!
The yak is heavily wounded.
The yak misses you. The yak closely misses you.
You barely miss the yak.
The yak is heavily wounded.
You hit the yak. You freeze the yak. The yak gores you!
The yak barely misses you.
You hit the yak. You freeze the yak.
The yak is heavily wounded.
You hit the yak. You freeze the yak. The yak gores you!
* * * LOW HITPOINT WARNING * * *
The yak gores you.
* * * LOW HITPOINT WARNING * * *
The yak barely misses you. x2
Casting: Scorch (safe; 1% risk of failure)
Confirm with . or Enter, or press ? or * to list all spells.
You miscast Scorch.
Nothing appears to happen.
The yak closely misses you. The yak barely misses you.
Unknown command.
You hit the yak but do no damage.
The yak is almost dead.
You completely miss the yak. The yak gores you!
* * * LOW HITPOINT WARNING * * *
The yak gores you but does no damage.
You hit the yak. You freeze the yak.
You kill the yak!
Qazlal accepts your kill.
You hit the yak. You freeze the yak. The yak barely misses you.
You closely miss the yak.
The yak is severely wounded.
The yak gores you!
You die...

#.# #.# #.####.........'..... #.#
#.# #.##.#.....#####..... #.###.#
#.##.#.....# #.....
....#.#######.##.#.##..# #.....
#..................##..# #.....
###.#....####..#.#.#..## #.....
###.......###..#.#.#.## #.....
...........#...#.....# #####.....
.####....#.....Y@..### #.........
.# #.######...#.#.### #........#
.# #.##.............# #........#
.####.##^###...#.#.#.# #.........
.....................# #.........
..###.##.###...#.#...###........#
..# #.##.###..#.#.#..##.........#
..###........#.#.#.#.............
.........###..#.>.#..##.....)....


You could see a yak.

Vanquished Creatures
  2 yaks (D:6)
  Edmund (D:4)
  2 water moccasins
  A sky beast (D:6)
  2 ogres
  An ice beast (D:7)
  2 phantoms (D:6)
  2 bullfrogs (D:7)
  3 scorpions
  4 wights (D:6)
  A howler monkey (D:5)
  An orc priest (D:4)
  4 hounds
  A gnoll bouda (D:5)
  Crazy Yiuf (D:2)
  3 iguanas (D:5)
  An iron imp (D:5)
  Jessica (D:2)
  An orc wizard (D:5)
  Terence (D:2)
  Robin (D:3)
  8 gnolls
  3 adders
  4 shadow imps
  A white imp (D:5)
  2 ufetubi
  3 worms
  3 dart slugs
  8 orcs
  12 ball pythons
  6 endoplasms
  4 giant cockroaches
  17 goblins
  7 hobgoblins
  3 jackals (D:2)
  7 quokkas
  3 bats
  3 frilled lizards (D:3)
  A goblin skeleton (D:5)
  2 goblin zombies (D:5)
  A hobgoblin zombie (D:5)
  9 kobolds
  2 kobold zombies (D:5)
  4 orc skeletons (D:5)
  An orc zombie (D:5)
  7 rats
157 creatures vanquished.

Vanquished Creatures (others)
  143 foxfires
143 creatures vanquished.

Grand Total: 300 creatures vanquished

Notes
Turn   | Place    | Note
-------+----------+-------------------------------------------
     0 | D:1      | Logoto the Draconian Fire Elementalist began the quest for
                  | the Orb.
     0 | D:1      | Reached XP level 1. HP: 14/14 MP: 3/3
   117 | D:1      | Reached XP level 2. HP: 20/20 MP: 5/5
   120 | D:1      | Learned a level 2 spell: Scorch
   850 | D:1      | You fall into a shaft and drop 1 floor!
   894 | D:1      | Reached XP level 3. HP: 24/26 MP: 3/6
  1828 | D:2      | Reached XP level 4. HP: 34/34 MP: 7/7
  1851 | D:2      | Noticed Jessica
  1857 | D:2      | Killed Jessica
  2154 | D:2      | Found a runed translucent door.
  2154 | D:2      | Noticed Terence
  2156 | D:2      | Killed Terence
  2157 | D:2      | Reached skill level 1 in Fighting
  2195 | D:2      | Noticed Crazy Yiuf
  2203 | D:2      | Killed Crazy Yiuf
  2204 | D:2      | Reached XP level 5. HP: 41/41 MP: 1/9
  2208 | D:2      | Identified the +7 hammer "Duluirhe" {drain, Int+4}
  2334 | D:3      | Found Peahaxuh's Weapon Emporium.
  2334 | D:3      | Noticed a +0 triple sword
  2340 | D:3      | Noticed a +0 demon whip
  2478 | D:3      | Found a broken altar of Ashenzari.
  2913 | D:3      | Noticed Robin
  3056 | D:3      | Killed Robin
  3189 | D:3      | Found a snail-covered altar of Cheibriados.
  3249 | D:3      | Found a white marble altar of Elyvilon.
  3633 | D:4      | Noticed Edmund
  3648 | D:4      | Killed Edmund
  3649 | D:4      | Reached skill level 1 in Maces & Flails
  3649 | D:4      | Reached skill level 4 in Fire Magic
  3649 | D:4      | Reached XP level 6. HP: 10/47 MP: 0/11
  4191 | D:4      | Identified the +5 hand axe of Riagg {freeze, rPois Str+5}
  4255 | D:4      | Found a radiant altar of Vehumet.
  4733 | D:4      | Found an opulent altar of Gozag.
  4994 | D:5      | Entered Level 5 of the Dungeon
  4998 | D:5      | Noticed a water moccasin
  5026 | D:4      | Killed a water moccasin
  5027 | D:4      | Reached skill level 1 in Axes
  5027 | D:4      | Your scales start taking on a dull iron-grey colour.
  5027 | D:4      | Reached XP level 7. HP: 24/55 MP: 3/12
  5376 | D:5      | Found a transporter.
  5380 | D:5      | Noticed a yak
  5381 | D:5      | Noticed SoEpicPie's ghost (amateur TrBe)
  5384 | D:5      | Found a transporter.
  5484 | D:5      | Found an iron altar of Okawaru.
  5827 | D:5      | Found a glowing golden altar of the Shining One.
  6051 | D:5      | Reached XP level 8. HP: 40/62 MP: 1/14
  6242 | D:5      | Reached skill level 5 in Fire Magic
  6933 | D:6      | Found a staircase to the Ecumenical Temple.
  6955 | D:6      | Reached skill level 5 in Spellcasting
  6978 | Temple   | Entered the Ecumenical Temple
  7127 | Temple   | Became a worshipper of Qazlal Stormbringer
  7678 | D:6      | Found a bloodstained altar of Trog.
  8101 | D:7      | Reached skill level 6 in Fire Magic
  8101 | D:7      | Reached XP level 9. HP: 66/70 MP: 14/17
  8366 | D:6      | Slain by a yak

Illustrated notes

Levels and vault maps discovered:
D:1:      dpeg_chamrin_arrival_tetris, layout_basic
D:2:      layout_loops_ring, uniq_crazy_yiuf_cottage, uniq_terence, uniq_jessica
D:3:      layout_loops_ring, lemuel_round_altar, marbit_many_paths,
          evilmike_ruin_ashenzari, serial_shops, nicolae_shop_mannequins,
          hangedman_decor_points, uniq_robin
D:4:      layout_basic, overflow_temple_1_default, vehumet_altar_wand_db,
          uniq_edmund
D:5:      layout_gridville, nicolae_tso_besieged_by_evil,
          mainiacjoe_overflow_chevrons, gammafunk_ghost_arena
D:6:      layout_basic, mainiacjoe_overflow_24_doors, minmay_temple_entry_grid
D:7:      layout_rooms, nicolae_dithmenos_through_a_glass_darkly,
          grunt_ministairs_15
Temple:   nicolae_temple_godpark

Skill      XL: |  1  2  3  4  5  6  7  8  9 |
---------------+----------------------------+-----
Stealth        | 2 3 4 |  4.1
Dodging        | 2 3 |  3.8
Fighting       | 1 2 3 |  3.7
Spellcasting   | 3 4 5 |  5.7
Maces & Flails | 1 2 |  2.4
Fire Magic     | 4 6 |  6.2
Axes           | 1 2 4 |  4.6
Conjurations   | 2 3 |  3.0
Short Blades   | |  0.6
Polearms       | |  0.9

Action                     |  1- 3 |  4- 6 |  7- 9 || total
---------------------------+-------+-------+-------++-------
  Melee: Unarmed           |     4 |       |       ||     4
         Tailslap          |    12 |     4 |    16 ||    32
         Spear             |    70 |       |       ||    70
         Punch             |     2 |     2 |     1 ||     5
         Short sword       |    31 |     9 |       ||    40
         Mace              |       |    54 |       ||    54
         Hand axe          |       |    19 |   143 ||   162
   Cast: Foxfire           |    14 |    16 |    67 ||    97
         Scorch            |     7 |    27 |    31 ||    65
   Stab: Sleeping          |     6 |     7 |     2 ||    15
 Armour: Skin              |    23 |    20 |    79 ||   122
  Dodge: Dodged            |    50 |    59 |   130 ||   239
